 Dungeon Crawl Stone Soup version 0.31-a0-640-g39d97e502b (webtiles) character file.

Game seed: 7832518950908279825

1290 Hubris850 the Mimic (level 8, -3/54 HPs)
             Began as a Merfolk Shapeshifter on Aug 28, 2023.
             Was a Priest of Okawaru.
             Slain by an orc warrior
             ... wielding a +0 long sword
              (15 damage)
             ... on level 5 of the Dungeon.
             The game lasted 00:11:44 (4081 turns).

Hubris850 the Mimic (Merfolk Shapeshifter)          Turns: 4081, Time: 00:11:45

Health: -3/54      AC:  5    Str: 14    XL:     8   Next: 55%
Magic:  8/8        EV: 10    Int: 11    God:    Okawaru [***...]
Gold:   194        SH: 11    Dex: 14    Spells: 7/7 levels left

rFire   . .          .
                       - Unarmed
rCold   . . .        x - +2 kite shield {rN+}
rNeg    + . .        n - +0 ring mail
rPois   .            C - melded +0 helmet
rElec   .            (cloak currently unavailable)
rCorr   .            (gloves currently unavailable)
SInv    .            (boots currently unavailable)
Will    .....        (no amulet)
Stlth   +            (no ring)
HPRegen 0.29/turn    (no ring)
MPRegen 0.11/turn

%: no passive effects
@: beast-form
A: beast (slay +4), (nimble swimmer 2), mertail
a: Begin Untransformation, Renounce Religion, Heroism


You were on level 5 of the Dungeon.
You worshipped Okawaru.
Okawaru was most pleased with you.
You were a hulking beast.
You visited 1 branch of the dungeon, and saw 5 of its levels.

You collected 194 gold pieces.

Inventory:

Hand Weapons
 g - a +0 short sword of venom
 j - a +0 short sword of freezing
 o - a +2 heavy falchion
 u - a +0 whip of flaming
Missiles
 q - 4 poisoned darts
 r - 8 javelins
 w - 3 boomerangs
Armour
 n - a +0 ring mail (worn)
 v - a +1 robe of fire resistance
 x - a +2 kite shield of positive energy (worn)
 C - a +0 helmet (melded)
Talismans
 c - a beast talisman (active)
 d - a flux talisman
Scrolls
 m - 3 scrolls of teleportation
 p - a scroll of brand weapon
 y - a scroll of poison
 B - a scroll of enchant armour {unknown}
Potions
 b - 2 potions of lignification
 e - a potion of berserk rage
 f - 2 potions of heal wounds {unknown}
 h - a potion of haste
 i - 2 potions of brilliance
 s - a potion of curing {unknown}
 t - a potion of might {unknown}
 z - a potion of mutation {unknown}
 A - 3 potions of enlightenment {unknown}


   Skills:
 - Level 1.1 Fighting
 - Level 3.5 Dodging
 + Level 4.7 Shields
 + Level 7.3 Unarmed Combat
 + Level 8.4 Shapeshifting


You had 7 spell levels left.
You didn't know any spells.
Your spell library contained the following spells:

 Spells                   Type           Power      Damage    Failure   Level
 Apportation              Tloc           0%         N/A       92%         1
 Kiss of Death            Conj/Necr      0%         2d5       92%         1
 Necrotise                Necr           0%         1d4       92%         1
 Confusing Touch          Hex            0%         N/A       100%        3
 Portal Projectile        Hex/Tloc       0%         N/A       100%        3
 Anguish                  Hex/Necr       0%         N/A       100%        4
 Cause Fear               Hex            0%         N/A       100%        4
 Dispel Undead            Necr           0%         3d6       100%        4
 Leda's Liquefaction      Hex/Erth       0%         N/A       100%        4
 Enfeeble                 Hex            0%         N/A       100%        7
 Summon Small Mammal      Summ           Unusable   N/A       N/A         1
 Call Canine Familiar     Summ           Unusable   N/A       N/A         3

Dungeon Overview and Level Annotations

Branches:
Dungeon (5/15)
 Temple: D:4-7

Altars:
Cheibriados
Okawaru


Innate Abilities, Weirdness & Mutations

You are a hulking beast.
Your limbs bulge with bestial killing power. (Slay +4)
((You are very nimble when in or above water. (Stealth+, EV+, Speed+++)))
Your lower body shifts to a powerful aquatic tail in water.


Message History

The orc warrior is lightly wounded.
You block the orc warrior's attack.
You closely miss the orc warrior.
The orc warrior is lightly wounded.
The orc warrior hits you with a +0 long sword!
You hit the orc warrior but do no damage.
The orc warrior is lightly wounded.
You block the orc warrior's attack.
You barely miss the orc warrior.
The orc warrior is lightly wounded.
You block the orc warrior's attack.
You hit the orc warrior.
The orc warrior is lightly wounded.
You block the orc warrior's attack.
You hit the orc warrior but do no damage.
The orc warrior is lightly wounded.
The orc warrior barely misses you.
You punch the orc warrior!
The orc warrior is heavily wounded.
The orc warrior barely misses you.
You barely miss the orc warrior.
The orc warrior is heavily wounded.
The orc warrior hits you with a +0 long sword.
You hit the orc warrior.
The orc warrior is severely wounded.
You block the orc warrior's attack.
You closely miss the orc warrior.
The orc warrior is severely wounded.
You block the orc warrior's attack.
You hit the orc warrior.
The orc warrior is severely wounded.
You block the orc warrior's attack.
You punch the orc warrior!
The orc warrior is almost dead.
The orc warrior hits you with a +0 long sword!
* * * LOW HITPOINT WARNING * * *
You barely miss the orc warrior.
The orc warrior is almost dead.
The orc warrior hits you with a +0 long sword!
You die...

#.# #..##..#..
#######.###..#......
....................
######..#.....#..#..
#..................
#............#..#..
#..................
##'##..#...........
#h##..............
######o##..#........##.
#.....o........... ...
######.##.##..#.. ##.
#............
#.###.##.###. #.. ..
##. ... .# #.


You could see an orc warrior and an orc.

Vanquished Creatures
  Pikel (D:3)
  Sigmund (D:2)
  A phantom (D:5)
  2 scorpions
  2 hounds
  A jelly (D:5)
  An orc priest (D:3)
  An iguana (D:4)
  Natasha (thrice) (D:3)
  3 orc wizards
  A gnoll (D:1)
  7 adders
  3 worms
  2 dart slugs (D:2)
  11 orcs
  5 ball pythons
  10 endoplasms
  4 giant cockroaches
  7 goblins
  7 hobgoblins
  2 jackals (D:1)
  3 quokkas
  5 bats
  2 frilled lizards (D:1)
  6 kobolds
  6 rats
97 creatures vanquished.

Notes
Turn   | Place    | Note
-------+----------+-------------------------------------------
     0 | D:1      | Hubris850 the Merfolk Shapeshifter began the quest for the
                  | Orb.
     0 | D:1      | Reached XP level 1. HP: 15/15 MP: 1/1
   216 | D:1      | Reached XP level 2. HP: 19/21 MP: 2/2
   356 | D:1      | Found a faded altar of an unknown god.
   362 | D:1      | Prayed at the altar of an unknown god.
   362 | D:1      | Became a worshipper of Warmaster Okawaru
   362 | D:1      | Reached * piety under Okawaru
   385 | D:1      | Found Detuschuk's Jewellery Emporium.
   665 | D:1      | Reached XP level 3. HP: 14/26 MP: 3/3
   844 | D:2      | Noticed Sigmund
   855 | D:2      | Killed Sigmund
   855 | D:2      | Reached ** piety under Okawaru
   856 | D:2      | Reached skill level 5 in Shapeshifting
   856 | D:2      | Reached XP level 4. HP: 5/32 MP: 1/4
   856 | D:2      | Reached XP level 5. HP: 6/37 MP: 1/5
  1052 | D:2      | Reached XP level 6. HP: 40/43 MP: 6/6
  1178 | D:2      | Reached skill level 5 in Unarmed Combat
  2098 | D:3      | Reached skill level 6 in Shapeshifting
  2122 | D:3      | Noticed Natasha
  2130 | D:3      | Killed Natasha
  2217 | D:3      | Noticed Natasha
  2225 | D:3      | Killed Natasha
  2378 | D:3      | Noticed Natasha
  2387 | D:3      | Killed Natasha
  2493 | D:3      | Reached XP level 7. HP: 30/48 MP: 7/7
  2893 | D:3      | Found a snail-covered altar of Cheibriados.
  2939 | D:4      | Noticed Pikel
  2951 | D:3      | Killed Pikel
  2951 | D:3      | Reached *** piety under Okawaru
  2952 | D:3      | Reached skill level 7 in Shapeshifting
  2952 | D:3      | Reached XP level 8. HP: 37/54 MP: 8/8
  3300 | D:4      | Reached skill level 8 in Shapeshifting
  3646 | D:5      | Entered Level 5 of the Dungeon
  4081 | D:5      | Slain by an orc warrior

Illustrated notes

Levels and vault maps discovered:
D:1:      lightli_arrival_flooded_house, layout_basic, serial_shops, shop,
          ebering_ecumenical_altar_box
D:2:      minmay_recursive_quarters, layout_basic, amcnicky_mini_pool_small,
          uniq_sigmund
D:3:      layout_basic, chei_slow_surprise, hangedman_glass_teeth,
          dk_vineyard_3, minmay_misc_feat_secret_circle, minmay_misc_feat_rows,
          uniq_natasha
D:4:      layout_cave_pools, dreamdust_mushroom_princess, uniq_pikel
D:5:      layout_basic, mainiacjoe_overflow_catwalk_spiral,
          chequers_serial_rivers_large_b

Skill      XL: |  1  2  3  4  5  6  7  8 |
---------------+-------------------------+-----
Dodging        | 3 |  3.5
Shields        | 2 4 |  4.7
Unarmed Combat | 4 5 6 7 |  7.3
Shapeshifting  | 5 6 7 8 |  8.4
Fighting       | |  1.1

Action                     |  1- 3 |  4- 6 |  7- 9 || total
---------------------------+-------+-------+-------++-------
  Melee: Unarmed           |    93 |   113 |   135 ||   341
         Punch             |     1 |       |       ||     1
         Tailslap          |       |     1 |       ||     1
 Invoke: Heroism           |     1 |       |     1 ||     2
Ability: Begin Untransform |       |     1 |     2 ||     3
    Use: Scroll            |     5 |     3 |     3 ||    11
   Stab: Sleeping          |     2 |       |       ||     2
 Armour: Animal skin       |    11 |       |       ||    11
         Leather armour    |     6 |    19 |       ||    25
         Ring mail         |       |    17 |    24 ||    41
  Dodge: Dodged            |    49 |    65 |    49 ||   163
  Block: Kite shield       |     4 |    25 |    42 ||    71
   Form: Flux              |       |     1 |       ||     1
         Beast             |       |       |     2 ||     2

Table legend: (Time is in decaauts)
 A = Elapsed time spent in this place.
 B = Non-inter-level travel time spent in this place.
 C = Inter-level travel time spent in this place.
 D = Time resting spent in this place.
 E = Time spent auto-exploring this place.
 F = Levels seen in this place.
 G = Mean time per level.
                   A        B        C        D        E       F      G
               +--------+--------+--------+--------+--------+-----+--------+
         Total |   4076 |   3917 |    159 |    646 |   2418 |   5 |  815.2 |
       Dungeon |   4076 |   3917 |    159 |    646 |   2418 |   5 |  815.2 |
               +--------+--------+--------+--------+--------+-----+--------+

Top non-repeatable levels by time:
     D:2: 1175 daAuts
     D:3: 1089 daAuts
     D:1: 738 daAuts
     D:4: 637 daAuts
     D:5: 435 daAuts
